 Dungeon Crawl Stone Soup version 0.30-a0-722-g3e6e8c874d (webtiles) character file.

Game seed: 8036112095926355572

91 ragingrage the Ruffian (level 4, 0/40 HPs)
             Began as a Troll Transmuter on Jan 27, 2023.
             Slain by Sigmund
             ... wielding a +0 scythe
              (9 damage)
             ... on level 2 of the Dungeon.
             The game lasted 00:01:37 (1229 turns).

ragingrage the Ruffian (Troll Transmuter)           Turns: 1229, Time: 00:01:37

Health: 0/40       AC:  4    Str: 18    XL:     4   Next: 34%
Magic:  4/5        EV:  9    Int: 17    God:
Gold:   114        SH:  6    Dex: 10    Spells: 2/5 levels left

rFire   . . .      SeeInvis .      - Unarmed
rCold   . . .      Faith    .    (no shield)
rNeg    . . .      Spirit   .    a - +0 robe
rPois   .          Reflect  .    (helmet restricted)
rElec   +          Harm     .    (no cloak)
rCorr   .          Rampage  .    (gloves unavailable)
Will    .....                    (boots unavailable)
Stlth   +                        (no amulet)
HPRegen 1.06/turn                e - +6 ring of intelligence
MPRegen 0.09/turn                (no ring)

@: no status effects
A: large, unfitting armour, claws 3, regeneration 1, shaggy fur 1, tough skin 1,
large bone plates 2, high MP 1, electricity resistance
a: no special abilities


You were on level 2 of the Dungeon.
You visited 1 branch of the dungeon, and saw 2 of its levels.

You collected 114 gold pieces.

Inventory:

Missiles
 c - 4 javelins
 f - 6 large rocks
Armour
 a - a +0 robe (worn)
Jewellery
 e - a +6 ring of intelligence (left claw)
Scrolls
 i - a scroll of teleportation {unknown}
 j - a scroll of amnesia {unknown}
Potions
 b - a potion of lignification
 h - 2 potions of might {unknown}


   Skills:
 - Level 0.7 Fighting
 - Level 1.5 Dodging
 + Level 4.2 Unarmed Combat
 - Level 1.2 Spellcasting
 + Level 2.6 Transmutations


You had 2 spell levels left.
You knew the following spells:

 Your Spells              Type           Power      Damage    Failure   Level
a - Beastly Appendage     Tmut           20%        N/A       7%          1
b - Wereblood             Tmut           10%        N/A       11%         2

Your spell library contained the following spells:

 Spells                   Type           Power      Damage    Failure   Level
 Spider Form              Tmut/Pois      5%         N/A       36%         3
 Frozen Ramparts          Ice            2%         1d1       54%         3
 Ice Form                 Ice/Tmut       5%         N/A       77%         4
 Summon Ice Beast         Ice/Summ       1%         N/A       91%         4


Dungeon Overview and Level Annotations

Branches:
Dungeon (2/15)

Altars:

Annotations:
D:2 Sigmund


Innate Abilities, Weirdness & Mutations

You are too large for most types of armour.
You have claws for hands.
Your natural rate of healing is unusually fast.
You are covered in fur. (AC +1)
You have tough skin. (AC +1)
You are mostly covered in large bone plates. (SH +6)
You have an increased reservoir of magic. (+10% MP)
You are resistant to electric shocks. (rElec)


Message History

You scratch the rat.
You kill the rat!
Sigmund gestures wildly while chanting.
Sigmund flickers and vanishes!
Deactivating autopickup; reactivate with Ctrl-A.
No target in view!
No target in view!
No target in view!
No target in view!
No target in view!
No target in view!
No target in view!
There is a strange disturbance nearby!
You hear some strange, mumbled words.
You are confused.
There is an open door here.
You bump into the rock wall.
Something hits you.
You're too confused to move!
Something hits you.
You bump into the rock wall.
You feel less confused.
You hear some strange, mumbled words.
You are confused.
You hear some strange, mumbled words.
You are more confused.
Something hits you.
You bump into the rock wall.
Something hits you.
You bump into the rock wall.
Something hits you!
You bump into the rock wall.
Something hits you!
You're too confused to move!
Something hits you.
You bump into the tree.
Something hits you.
You bump into the rock wall.
Something hits you!
* * * LOW HITPOINT WARNING * * *
It was a potion of mutation.
You feel extremely strange.
Large bone plates grow over parts of your arms.
You feel more energetic.
You feel insulated.
Large bone plates spread over more of your arms.
Something hits you!
* * * LOW HITPOINT WARNING * * *
It was a potion of curing.
You feel better. Something hits you!
You die...

####...## ###
##.....####>##
##.......##...#
#.........#.♣.#
'...^.....#...#
#.........##.##
##...#######'#######
##.##...##...##[..#
### ♣..'.♣.{.@♣
###...##...##.(.#
#.#### ##.#######
#..# #>.#
##..#####..#
#.....<##.####.#
#..............#
###.........######
....#.#######


There were no monsters in sight!

Vanquished Creatures
  5 adders (D:2)
  3 worms (D:2)
  2 dart slugs
  4 bats
  3 endoplasms
  6 goblins
  3 hobgoblins
  2 ball pythons
  3 kobolds
  6 rats
37 creatures vanquished.

Notes
Turn   | Place    | Note
-------+----------+-------------------------------------------
     0 | D:1      | ragingrage the Troll Transmuter began the quest for the
                  | Orb.
     0 | D:1      | Reached XP level 1. HP: 18/18 MP: 1/1
   140 | D:1      | Reached XP level 2. HP: 24/26 MP: 2/2
   721 | D:2      | Learned a level 2 spell: Wereblood
   767 | D:2      | Reached XP level 3. HP: 27/32 MP: 1/3
   892 | D:2      | Reached skill level 4 in Unarmed Combat
  1063 | D:2      | Reached XP level 4. HP: 40/40 MP: 4/4
  1208 | D:2      | Noticed Sigmund
  1228 | D:2      | Gained mutation: You are partially covered in large bone
                  | plates. (SH +4) [potion of mutation]
  1228 | D:2      | Gained mutation: You have an increased reservoir of magic.
                  | (+10% MP) [potion of mutation]
  1228 | D:2      | Gained mutation: You are resistant to electric shocks.
                  | (rElec) [potion of mutation]
  1228 | D:2      | Gained mutation: You are mostly covered in large bone
                  | plates. (SH +6) [potion of mutation]
  1228 | D:2      | HP: 2/40 [something (9)]
  1229 | D:2      | Slain by Sigmund

Illustrated notes

Levels and vault maps discovered:
D:1:      eino_arrival_cavern_c, layout_rooms, serial_curves, eino_curves_03,
          eino_curves_01
D:2:      layout_loops_corners, nrook_mini_vaults, minivault_14,
          kennysheep_cross_bottleneck, grunt_ministairs_5,
          amcnicky_mini_rare_corridor_liquid, uniq_sigmund

Skill      XL: |  1  2  3 |
---------------+----------+-----
Transmutations | 2 |  2.6
Unarmed Combat | 4 |  4.2
Fighting       | |  0.7
Dodging        | |  1.5
Spellcasting   | |  1.2

Action                     |  1- 3 |  4- 6 || total
---------------------------+-------+-------++-------
  Melee: Unarmed           |    72 |    11 ||    83
         Kick              |     5 |       ||     5
         Headbutt          |     4 |     1 ||     5
   Cast: Beastly Appendage |    11 |     2 ||    13
         Wereblood         |     1 |     2 ||     3
    Use: Potion            |       |     2 ||     2
   Stab: Sleeping          |     1 |       ||     1
 Armour: Robe              |    16 |     1 ||    17
  Dodge: Dodged            |    23 |     4 ||    27

Table legend: (Time is in decaauts)
 A = Elapsed time spent in this place.
 B = Non-inter-level travel time spent in this place.
 C = Inter-level travel time spent in this place.
 D = Time resting spent in this place.
 E = Time spent auto-exploring this place.
 F = Levels seen in this place.
 G = Mean time per level.
                   A        B        C        D        E       F      G
               +--------+--------+--------+--------+--------+-----+--------+
         Total |   1223 |   1185 |     38 |    122 |    810 |   2 |  611.5 |
       Dungeon |   1223 |   1185 |     38 |    122 |    810 |   2 |  611.5 |
               +--------+--------+--------+--------+--------+-----+--------+

Top non-repeatable levels by time:
     D:2: 627 daAuts
     D:1: 595 daAuts
